 Dungeon Crawl Stone Soup version 0.31-a0-981-geadf994542 (webtiles) character file.

Game seed: 914272021661286005

7889 promet the Fighter (level 11, -7/100 (101) HPs)
             Began as a Minotaur Fighter on Oct 31, 2023.
             Was a Priest of Wu Jian.
             Killed from afar by a lich (11 damage)
             ... with a bolt of cold
             ... on level 2 of the Abyss.
             The game lasted 00:45:03 (11016 turns).

promet the Fighter (Minotaur Fighter)              Turns: 11016, Time: 00:45:03

HP:   -7/100 (101)  AC: 32    Str: 19 (22) XL:     11   Next: 2%
MP:   10/10         EV:  3    Int:  9 (10) God:    Wu Jian [***...]
Gold: 301           SH:  5    Dex:  8 (11) Spells: 10/10 levels left

rFire   + . .        a - +9 hand axe "Huxzuopha" {freeze, rPois rF+ Int+3}
rCold   + + .        c - +0 buckler
rNeg    + + .        b - +6 crystal plate armour of Youthful Indiscretion {rPois rC+ rN++ Regen+}
rPois   +            (helmet restricted)
rElec   .            F - +0 cloak
rCorr   .            x - +0 pair of gloves
SInv    +            B - +0 pair of boots
Will    +....        (no amulet) Stlth
                     l - ring of see invisible
HPRegen 1.16/turn    (no ring)
MPRegen 0.12/turn

%: no passive effects
@: slowed, lightly drained, very slow
A: horns 2, retaliatory headbutt, talons 1, iridescent scales 1, cold resistance
1, strong-willed 1
a: Renounce Religion, Wall Jump, Serpent's Lash


You were on level 2 of the Abyss.
You worshipped Wu Jian.
Wu Jian was most pleased with you.
You visited 1 branch of the dungeon, and saw 9 of its levels.
You visited the Abyss 1 time.
You also visited: Bailey.

You collected 466 gold pieces.
You spent 165 gold pieces at shops.

Inventory:

Hand Weapons
 a - the +9 hand axe "Huxzuopha" (weapon) {freeze, rPois rF+ Int+3}
   (You found it on level 5 of the Dungeon)

   Int+3:     It affects your intelligence (+3).
   rF+:       It protects you from fire.
   rPois:     It protects you from poison
 e - a +0 spear
 i - a +0 morningstar
 o - a +0 dire flail
 p - a +0 dagger of flaming
 s - a +1 vampiric halberd
 t - a +0 orcbow
 y - a +3 war axe
 z - a +2 rapier of flaming
 A - a +2 short sword of venom
 E - a +0 battleaxe
 G - a +5 war axe
 I - a +4 morningstar of freezing
Missiles
 f - 5 boomerangs (quivered)
 g - 52 poisoned darts
 q - 50 stones
 D - a curare-tipped dart
 K - 3 throwing nets
Armour
 b - the +6 crystal plate armour of Youthful Indiscretion (worn) {rPois rC+ rN++ Regen+}
   (You acquired it on level 3 of the Dungeon)

   rC+:       It protects you from cold.
   rPois:     It protects you from poison rN++: It greatly protects you from
   negative energy.
   Regen+:    It increases your rate of health regeneration.
 c - a +0 buckler (worn)
 x - a +0 pair of gloves (worn)
 B - a +0 pair of boots (worn)
 F - a +0 cloak (worn)
Jewellery
 l - a ring of see invisible (left hand)
Wands
 d - a wand of light (12)
 n - a wand of polymorph (1)
 r - a wand of flame (26)
Scrolls
 v - a scroll of summoning
 J - a scroll of amnesia {unknown}
Potions
 h - a potion of haste
 j - 2 potions of brilliance
 k - 2 potions of enlightenment
 w - 2 potions of magic
 C - 2 potions of might
 H - a potion of curing {unknown}


   Skills:
 * Level 10.9 Fighting
 + Level 7.4 Short Blades
 + Level 10.0 Axes
 + Level 3.9 Throwing
 + Level 9.9 Armour
 + Level 0.4 Dodging
 + Level 0.1 Stealth
 + Level 7.2 Shields


You had 10 spell levels left.
You didn't know any spells.
Your spell library contained the following spells:

 Spells                   Type           Power      Damage    Failure   Level
 Apportation              Tloc           0%         N/A       100%        1
 Foxfire                  Conj/Fire      0%         2x1d4     100%        1
 Blink                    Tloc           0%         N/A       100%        2
 Jinxbite                 Hex            0%         N/A       100%        2
 Lesser Beckoning         Tloc           0%         N/A       100%        2
 Momentum Strike          Conj/Tloc      0%         3d8       100%        2
 Call Canine Familiar     Summ           0%         N/A       100%        3
 Dazzling Flash           Conj/Hex       0%         N/A       100%        3
 Gell's Gravitas          Tloc           0%         N/A       100%        3
 Ozocubu's Armour         Ice            0%         N/A       100%        3
 Sigil of Binding         Hex            0%         N/A       100%        3
 Teleport Other           Tloc           0%         N/A       100%        3
 Volatile Blastmotes      Fire/Tloc      0%         2d10      100%        3
 Dimensional Bullseye     Hex/Tloc       0%         N/A       100%        4
 Leda's Liquefaction      Hex/Erth       0%         N/A       100%        4
 Alistair's Intoxication  Tmut/Pois      0%         N/A       100%        5
 Dispersal                Tloc           0%         N/A       100%        6
 Plasma Beam              Fire/Air       0%         2x1d10    100%        6
 Starburst                Conj/Fire      0%         6d3       100%        6
 Ozocubu's Refrigeration  Ice            0%         4d7       100%        7
 Maxwell's Capacitive Co  Air            0%         ∞         100%        8


Dungeon Overview and Level Annotations

Branches:
Dungeon (9/15)             Temple (0/1) D:6            Lair (0/5) D:9
    Orc (0/2) D:9          Bailey (visited)

Altars:
Cheibriados
Dithmenos
Fedhas
Gozag
Hepliaklqana
Makhleb
Nemelex Xobeh
Qazlal
Sif Muna
Trog
Wu Jian
Xom
The Shining One

Shops:
D:3 =   D:7 :

Annotations:
Bailey Grum


Innate Abilities, Weirdness & Mutations

You have a pair of horns on your head.
You reflexively headbutt those who attack you in melee.
You have sharp toenails.
You are partially covered in iridescent scales. (AC +2)
Your flesh is cold resistant. (rC+)
You are strong-willed. (Will+)


Message History

The lich is severely damaged.
The lich barely misses you.
The lich touches you but does no damage.
You barely miss the lich.
You headbutt the lich, but do no damage.
The lich is severely damaged.
The lich touches you.
The lich touches you but does no damage.
You hit the lich. You headbutt the lich.
The lich is severely damaged.
The lich touches you but does no damage.
The lich touches you.
You hit the lich but do no damage.
The lich is severely damaged.
You block the lich's attack.
The lich touches you but does no damage.
You barely miss the lich.
The lich is severely damaged.
You block the lich's attack.
The lich launches a ball of destructive magic.
The wavering orb of destruction weakly hits you!!
* * * LOW HITPOINT WARNING * * *
It was a potion of degeneration.
There was something very wrong with that liquid.
You feel weakened.
You feel dopey.
You feel clumsy. The lich casts a spell at you.
You feel as though you will be slow longer.
The lich touches you but does no damage.
You slash the lich!
The lich is severely damaged.
The lich conjures an orb of pure magic.
The wavering orb of destruction weakly hits you but does no damage.
The lich touches you.
* * * LOW HITPOINT WARNING * * *
You partially resist.
You hit the lich but do no damage. Your headbutt misses the lich.
The lich is severely damaged.
The lich casts a spell at you. The bolt of cold hits you! You resist.
You die...

... # ..
#.#.#
#.#..
####.#. ##
.......#.
#.....L#
#...@#
....#...#
# #.....#
#....#...#
#.#.#.##.#
# ##.. ..
.## ### ..
#


You could see a lich (fast, invisible).

Vanquished Creatures
  A thrashing horror (Abyss:1)
  A worldbinder (Abyss:1)
  A cyclops (D:9)
  A kobold demonologist (D:9)
  A large abomination (Abyss:1)
  A yak (D:9)
  A wyvern (D:9)
  A starcursed mass (Abyss:1)
  A wraith (D:9)
  A small abomination (Abyss:1)
  Menkaure (D:5)
  An orc warrior (D:7)
  A sky beast (D:7)
  2 black bears (D:9)
  3 ice beasts
  6 wolves (Bailey)
  3 centaurs
  2 phantoms (D:5)
  6 kobold brigands
  11 bullfrogs
  7 gnoll sergeants
  11 wights
  2 scorpions
  5 killer bees (D:7)
  3 howler monkeys (D:9)
  A quasit (Abyss:1)
  6 hounds
  4 jellies
  5 orc priests
  5 gnoll boudas (Bailey)
  An iguana (D:4)
  Natasha (thrice) (D:3)
  9 orc wizards
  23 gnolls
  5 adders
  A shadow imp (D:7)
  8 ufetubi
  A dart slug (D:9)
  22 orcs
  4 bats (D:1)
  7 endoplasms
  A giant cockroach (D:4)
  7 hobgoblins
  3 jackals (D:3)
  3 quokkas
  9 ball pythons
  4 frilled lizards
  14 goblins
  22 kobolds
  14 rats
256 creatures vanquished.

Vanquished Creatures (others)
  A large abomination (Abyss:1)
1 creature vanquished.

Grand Total: 257 creatures vanquished

Notes
Turn   | Place    | Note
-------+----------+-------------------------------------------
     0 | D:1      | promet the Minotaur Fighter began the quest for the Orb.
     0 | D:1      | Reached XP level 1. HP: 19/19 MP: 0/0
   419 | D:1      | Reached XP level 2. HP: 27/27 MP: 1/1
  1601 | D:2      | Reached XP level 3. HP: 33/33 MP: 2/2
  1901 | D:2      | Gained mutation: You have sharp toenails. [potion of
                  | mutation]
  1901 | D:2      | Gained mutation: You are strong-willed. (Will+) [potion of
                  | mutation]
  1901 | D:2      | Gained mutation: You are partially covered in iridescent
                  | scales. (AC +2) [potion of mutation]
  1901 | D:2      | Gained mutation: Your flesh is cold resistant. (rC+)
                  | [potion of mutation]
  2429 | D:2      | Found a stormy altar of Qazlal.
  2723 | D:3      | Noticed Natasha
  2737 | D:3      | Killed Natasha
  2738 | D:3      | Reached XP level 4. HP: 38/41 MP: 3/3
  3155 | D:3      | Found Liohir's Jewellery Emporium.
  3172 | D:3      | Identified a scroll of acquirement
  3172 | D:3      | Acquired the +6 crystal plate armour of Youthful
                  | Indiscretion {rPois rC+ rN++ Regen+}
  3227 | D:3      | Bought a ring of see invisible for 165 gold pieces
  3440 | D:3      | Noticed Natasha
  3450 | D:3      | Killed Natasha
  3451 | D:3      | Reached skill level 5 in Fighting
  3583 | D:3      | Noticed Natasha
  3590 | D:3      | Killed Natasha
  3591 | D:3      | Reached XP level 5. HP: 43/48 MP: 4/4
  4184 | D:4      | Reached skill level 5 in Armour
  4536 | D:4      | Reached XP level 6. HP: 56/57 MP: 5/5
  5133 | D:4      | Found an opulent altar of Gozag.
  5137 | D:4      | Found a shimmering blue altar of Sif Muna.
  5141 | D:4      | Found a sparkling altar of Nemelex Xobeh.
  5298 | D:5      | Entered Level 5 of the Dungeon
  5566 | D:5      | Reached XP level 7. HP: 63/63 MP: 6/6
  5679 | D:5      | Reached skill level 5 in Short Blades
  5917 | D:5      | Noticed Menkaure
  5921 | D:5      | Killed Menkaure
  5922 | D:5      | Reached skill level 1 in Throwing
  6050 | D:5      | Identified the +1 leather armour "Koutt" {Str+6}
  6059 | D:5      | Found an ornate altar of the Wu Jian Council.
  6062 | D:5      | Found a blossoming altar of Fedhas.
  6065 | D:5      | Found a bloodstained altar of Trog.
  6067 | D:5      | Found a shadowy altar of Dithmenos.
  6067 | D:5      | Found a burning altar of Makhleb.
  6073 | D:5      | Became a worshipper of the Wu Jian Council
  6087 | D:5      | Reached XP level 8. HP: 68/73 MP: 7/7
  6498 | D:5      | Identified the +9 hand axe "Huxzuopha" {freeze, rPois rF+
                  | Int+3}
  6802 | D:6      | Reached skill level 5 in Shields
  6871 | D:6      | Reached skill level 1 in Axes
  6900 | D:6      | Found a staircase to the Ecumenical Temple.
  7462 | D:7      | Found Naseag's Book Shop.
  7519 | D:7      | Reached * piety under Wu Jian
  7785 | D:7      | Reached XP level 9. HP: 81/81 MP: 8/8
  8304 | D:7      | Found a shimmering altar of Xom.
  8306 | D:7      | Found a hazy altar of Hepliaklqana.
  8307 | D:7      | Noticed a spectral ugly thing
  9359 | D:8      | Reached ** piety under Wu Jian
  9497 | D:7      | Reached skill level 5 in Axes
  9653 | D:8      | Found a glowing golden altar of the Shining One.
  9742 | D:8      | Found a stormy altar of Qazlal.
  9820 | D:9      | Found a staircase to the Orcish Mines.
  9989 | D:9      | Noticed a kobold demonologist
  9996 | D:9      | Killed a kobold demonologist
 10000 | D:9      | Reached XP level 10. HP: 91/91 MP: 9/9
 10179 | D:9      | Noticed a cyclops
 10192 | D:9      | Killed a cyclops
 10202 | D:9      | Found a flagged portal.
 10223 | D:9      | Found a snail-covered altar of Cheibriados.
 10303 | D:9      | Reached skill level 10 in Fighting
 10359 | D:9      | Found a staircase to the Lair.
 10409 | Bailey   | Entered a bailey
 10417 | Bailey   | Reached *** piety under Wu Jian
 10754 | Bailey   | Noticed Grum
 10765 | Abyss:1  | Cast into level 1 of the Abyss (Grum)
 10814 | Abyss:1  | Noticed a thrashing horror
 10838 | Abyss:1  | Killed a thrashing horror
 10860 | Abyss:1  | Noticed a worldbinder
 10861 | Abyss:1  | Noticed a smoke demon
 10863 | Abyss:1  | Noticed a starcursed mass
 10871 | Abyss:1  | Noticed an ironbound thunderhulk
 10871 | Abyss:1  | Noticed a green very ugly thing
 10871 | Abyss:1  | Noticed a vault sentinel
 10871 | Abyss:1  | Noticed a thrashing horror
 10875 | Abyss:1  | Killed a worldbinder
 10876 | Abyss:1  | Reached skill level 10 in Axes
 10876 | Abyss:1  | Reached XP level 11. HP: 49/101 MP: 10/10
 10880 | Abyss:1  | Killed a starcursed mass
 10925 | Abyss:2  | Noticed a bone dragon
 10997 | Abyss:2  | Noticed a lich
 11013 | Abyss:2  | HP: 1/100 [disintegration (34)]
 11016 | Abyss:2  | Killed from afar by a lich

Illustrated notes

Levels and vault maps discovered:
D:1:      mainiacjoe_arrival_reflecting_pool, layout_loops_corners,
          minmay_rat_gold_closets
D:2:      minmay_general_purpose_star, layout_loops_corners, basic_altar
D:3:      minmay_recursive_quarters, layout_basic, serial_shops, shop,
          uniq_natasha
D:4:      layout_basic, grunt_temple_overflow_diamond, dk_noncrumbling_2
D:5:      layout_basic, grunt_temple_overflow_open, portal_sewer_entry_d,
          uniq_menkaure
D:6:      layout_loops_ring, minmay_temple_entry_waves
D:7:      minmay_octagon_keep, layout_basic, regret_index_temple_of_mockery,
          serial_shops, nicolae_diamond_shop, chequers_garden
D:8:      layout_rooms, tso_oasis_becter, nicolae_qazlal_general_emergency
D:9:      layout_loops_ring, kennysheep_slug_shrine,
          due_lair_maze_entry_diamond, orc_0_dummy, enter_bailey_5,
          evilmike_butchery
Abyss:2:  base:
D:3
Bailey:   bailey_polearm_gnolls_kennysheep, bailey

Skill      XL: |  1  2  3  4  5  6  7  8  9 10 |
---------------+-------------------------------+-----
Fighting       | 4 5 6 7 8 9 10 | 10.9
Armour         | 4 5 6 7 8 9 |  9.9
Short Blades   | 3 4 6 7 |  7.4
Shields        | 4 5 6 7 |  7.2
Throwing       | 1 2 3 |  3.9
Axes           | 2 7 10 | 10.0
Dodging        | |  0.4
Stealth        | |  0.1

Action                     |  1- 3 |  4- 6 |  7- 9 | 10-12 || total
---------------------------+-------+-------+-------+-------++-------
  Melee: Rapier            |   115 |   152 |    69 |       ||   336
         Headbutt          |    10 |    21 |    41 |    45 ||   117
         Kick              |     4 |    43 |    24 |       ||    71
         Hand axe          |       |       |   203 |   211 ||   414
  Throw: Boomerang         |       |     8 |    27 |    21 ||    56
Ability: Lunge             |       |       |    18 |    27 ||    45
         Whirlwind         |       |       |     5 |    25 ||    30
         Wall Jump         |       |       |       |     3 ||     3
    Use: Scroll            |     5 |     5 |     9 |     3 ||    22
         Potion            |     1 |       |     1 |     3 ||     5
 Armour: Scale mail        |    64 |     9 |       |       ||    73
         Crystal plate arm |       |   201 |   269 |   276 ||   746
         Plate armour      |       |     6 |       |       ||     6
  Dodge: Dodged            |    51 |    41 |    60 |    45 ||   197
  Block: Buckler           |    30 |    50 |    63 |    63 ||   206

Table legend: (Time is in decaauts)
 A = Elapsed time spent in this place.
 B = Non-inter-level travel time spent in this place.
 C = Inter-level travel time spent in this place.
 D = Time resting spent in this place.
 E = Time spent auto-exploring this place.
 F = Levels seen in this place.
 G = Mean time per level.
                   A        B        C        D        E       F      G
               +--------+--------+--------+--------+--------+-----+--------+
         Total |  11055 |  10823 |    232 |   2244 |   3678 |  12 |  921.2 |
       Dungeon |  10451 |  10219 |    232 |   2184 |   3678 |   9 | 1161.2 |
         Abyss |    250 |    250 |      0 |     60 |      0 |   2 |  125.0 |
        Bailey |    353 |    353 |      0 |      0 |      0 |   1 |  353.0 |
               +--------+--------+--------+--------+--------+-----+--------+

Top non-repeatable levels by time:
     D:7: 1815 daAuts
     D:4: 1440 daAuts
     D:1: 1429 daAuts
     D:5: 1374 daAuts
     D:3: 1337 daAuts
     D:2: 1113 daAuts
     D:6: 805 daAuts
     D:9: 585 daAuts
     D:8: 550 daAuts
  Bailey: 353 daAuts
 Abyss:2: 138 daAuts
 Abyss:1: 112 daAuts
